| TOP OF THE 1ST |
|
Charlotte Knights batting - Pitching for Nashville Sounds : RHP Andrew Yoder
|
|
Pitching: RHP Andrew Yoder
|
|
|
Batting: LHB Hirakito Herring
|
0-0: Ball 1-0: Foul Ball, location: 2F 1-1: Ball 2-1: Ball 3-1: Swinging Strike 3-2: Fly out, F6 (Popup, 6MS, EV 80.6 MPH)
|
|
Batting: RHB Jeff Brower
|
0-0: Foul Ball, location: 2F 0-1: Fly out, F7 (Flyball, 78S, EV 77.5 MPH)
|
|
Batting: LHB Brian Dickeson
|
0-0: Ball 1-0: Called Strike 1-1: Foul Ball, location: 2F 1-2: Ball 2-2: Foul Ball, location: 2F 2-2: Strikes out swinging
|
| Top of the 1st over - 0 runs, 0 hits, 0 errors, 0 left on base; Charlotte 0 - Nashville 0 |
| BOTTOM OF THE 1ST |
|
Nashville Sounds batting - Pitching for Charlotte Knights : RHP David Avelar
|
|
Pitching: RHP David Avelar
|
|
|
Batting: RHB Robby Godwin
|
0-0: Ball 1-0: Ball 2-0: Ball 3-0: Fly out, F7 (Flyball, 7, EV 96.3 MPH)
|
|
Batting: RHB Jorge Bernal
|
0-0: Called Strike 0-1: Ball 1-1: Ground out 1-3 (Groundball, 15, EV 75.0 MPH)
|
|
Batting: SHB Bob Morales
|
0-0: Ground out 5-3 (Groundball, 56S, EV 88.1 MPH)
|
| Bottom of the 1st over - 0 runs, 0 hits, 0 errors, 0 left on base; Charlotte 0 - Nashville 0 |
| TOP OF THE 2ND |
|
Charlotte Knights batting - Pitching for Nashville Sounds : RHP Andrew Yoder
|
|
Batting: RHB Darwin Mills
|
0-0: Foul Ball, location: 2F 0-1: Ball 1-1: Ball 2-1: Foul Ball, location: 2F 2-2: Ball 3-2: Ground out 5-3 (Groundball, 5, EV 76.3 MPH)
|
|
Batting: RHB Will Washburn
|
0-0: Ball 1-0: Foul Ball, location: 2F 1-1: Foul Ball, location: 2F 1-2: Foul Ball, location: 2F 1-2: Ground out 5-3 (Groundball, 5S, EV 80.0 MPH)
|
|
Batting: LHB Jake Goddard
|
0-0: Ball 1-0: Ball 2-0: Called Strike 2-1: Ball 3-1: Called Strike 3-2: Fly out, F8 (Flyball, 78D, EV 101.3 MPH)
|
| Top of the 2nd over - 0 runs, 0 hits, 0 errors, 0 left on base; Charlotte 0 - Nashville 0 |
| BOTTOM OF THE 2ND |
|
Nashville Sounds batting - Pitching for Charlotte Knights : RHP David Avelar
|
|
Batting: RHB Dusty Thompson
|
0-0: Swinging Strike 0-1: Called Strike 0-2: Foul Ball, location: 2F 0-2: Ball 1-2: Ball 2-2: Strikes out swinging, 2-3 out at first.
|
|
Batting: LHB Zachary DeLuca
|
0-0: Foul Ball, location: 2F 0-1: Foul Ball, location: 2F 0-2: Foul Ball, location: 2F 0-2: Ball 1-2: Ball 2-2: Foul Ball, location: 2F 2-2: Ball 3-2: Base on Balls
|
|
Batting: SHB Quincy Bradford
|
0-0: Called Strike 0-1: Called Strike Zachary DeLuca steals 2nd base 0-2: Ball 1-2: Ball 2-2: Ground out 5-3 (Groundball, 5, EV 81.3 MPH)
|
|
Batting: RHB Eduardo Chavez
|
0-0: Ground out 5-3 (Groundball, 56, EV 89.4 MPH)
|
| Bottom of the 2nd over - 0 runs, 0 hits, 0 errors, 1 left on base; Charlotte 0 - Nashville 0 |
| TOP OF THE 3RD |
|
Charlotte Knights batting - Pitching for Nashville Sounds : RHP Andrew Yoder
|
|
Batting: RHB Erik Christensen
|
0-0: Hit by Pitch
|
|
Batting: RHB Harvey Harvey
|
0-0: Fielders Choice at 2nd, 5-4 (Groundball, 56S, EV 86.3 MPH)
|
|
Batting: RHB Justin Harris
|
0-0: Ball 1-0: Called Strike 1-1: Foul Ball, location: 2F 1-2: Strikes out swinging
|
|
Batting: LHB Hirakito Herring
|
0-0: Fielders Choice at 2nd, 5-4 (Groundball, 56, EV 85.0 MPH)
|
| Top of the 3rd over - 0 runs, 0 hits, 0 errors, 1 left on base; Charlotte 0 - Nashville 0 |
| BOTTOM OF THE 3RD |
|
Nashville Sounds batting - Pitching for Charlotte Knights : RHP David Avelar
|
|
Batting: RHB Carlos Lopez
|
0-0: Ground out 3-1 (Groundball, 34, EV 103.8 MPH)
|
|
Batting: RHB Gabe Gutierrez
|
0-0: Ground out 6-3 (Groundball, 6MS, EV 60.0 MPH)
|
|
Batting: RHB Robby Godwin
|
0-0: Ball 1-0: Ball 2-0: Called Strike 2-1: Ball 3-1: Ground out 6-3 (Groundball, 6, EV 104.4 MPH)
|
| Bottom of the 3rd over - 0 runs, 0 hits, 0 errors, 0 left on base; Charlotte 0 - Nashville 0 |
| TOP OF THE 4TH |
|
Charlotte Knights batting - Pitching for Nashville Sounds : RHP Andrew Yoder
|
|
Batting: RHB Jeff Brower
|
0-0: Foul Ball, location: 2F 0-1: SINGLE (Groundball, 34D, EV 104.4 MPH)
|
|
Batting: LHB Brian Dickeson
|
0-0: Ball 1-0: Ball 2-0: Swinging Strike 2-1: Ball 3-1: Called Strike 3-2: Base on Balls Jeff Brower to second
|
|
Batting: RHB Darwin Mills
|
0-0: Ball 1-0: Called Strike 1-1: SINGLE (Groundball, P, EV 82.5 MPH) (infield hit) Jeff Brower to third Brian Dickeson to second
|
|
Batting: RHB Will Washburn
|
0-0: Ball 1-0: Called Strike 1-1: Fly out, F9 (Flyball, 89S, EV 81.9 MPH)
|
|
Batting: LHB Jake Goddard
|
0-0: Ball 1-0: Fly out, F7 (Flyball, 78M, EV 83.8 MPH)
|
|
Batting: RHB Erik Christensen
|
0-0: Fielders Choice at 2nd, 6-4 (Groundball, 56, EV 85.0 MPH)
|
| Top of the 4th over - 0 runs, 2 hits, 0 errors, 3 left on base; Charlotte 0 - Nashville 0 |
| BOTTOM OF THE 4TH |
|
Nashville Sounds batting - Pitching for Charlotte Knights : RHP David Avelar
|
|
Batting: RHB Jorge Bernal
|
0-0: Ball 1-0: Ground out 1-3 (Groundball, 15, EV 68.1 MPH)
|
|
Batting: SHB Bob Morales
|
0-0: Ball 1-0: Ball 2-0: Called Strike 2-1: Ball 3-1: DOUBLE (Groundball, 5L, EV 103.8 MPH)
|
|
Batting: RHB Dusty Thompson
|
0-0: Called Strike 0-1: Called Strike 0-2: Ball 1-2: 2-RUN HOME RUN (Flyball, 89XD, EV 99.4 MPH), Distance : 389 ft
|
|
Batting: LHB Zachary DeLuca
|
0-0: Ball 1-0: Called Strike 1-1: SINGLE (Line Drive, 9S, EV 94.4 MPH)
|
|
Batting: SHB Quincy Bradford
|
0-0: Called Strike Zachary DeLuca steals 2nd base 0-1: Foul Ball, location: 2F 0-2: Ball 1-2: Ball 2-2: 2-RUN HOME RUN (Flyball, 89XD, EV 101.9 MPH), Distance : 400 ft
|
|
Batting: RHB Eduardo Chavez
|
0-0: Called Strike 0-1: Swinging Strike 0-2: Ground out 6-3 (Groundball, 6, EV 103.8 MPH)
|
|
Batting: RHB Carlos Lopez
|
0-0: Ball 1-0: Called Strike 1-1: Ball 2-1: Foul Ball, location: 2F 2-2: Ground out 5-3 (Groundball, 56S, EV 83.8 MPH)
|
| Bottom of the 4th over - 4 runs, 4 hits, 0 errors, 0 left on base; Charlotte 0 - Nashville 4 |
| TOP OF THE 5TH |
|
Charlotte Knights batting - Pitching for Nashville Sounds : RHP Andrew Yoder
|
|
Batting: RHB Harvey Harvey
|
0-0: Foul Ball, location: 2F 0-1: Called Strike 0-2: Ground out U3 (Groundball, 3S, EV 86.9 MPH)
|
|
Batting: RHB Justin Harris
|
0-0: Ball 1-0: Ball 2-0: Ball 3-0: Base on Balls
|
|
Batting: LHB Hirakito Herring
|
0-0: Ball 1-0: Ball 2-0: Ball Wild Pitch! Justin Harris to second 3-0: Base on Balls
|
|
Batting: RHB Jeff Brower
|
0-0: Foul Ball, location: 2F 0-1: Swinging Strike 0-2: SINGLE (Flyball, 8RS, EV 95.0 MPH) Justin Harris to third Hirakito Herring to second
|
|
Batting: LHB Brian Dickeson
|
0-0: Ball 1-0: DOUBLE (Flyball, 89D, EV 106.3 MPH) Justin Harris scores Hirakito Herring scores Jeff Brower to third Runner from 3rd tries for Home, SAFE, throw by RF to home
|
|
Batting: RHB Darwin Mills
|
0-0: Called Strike 0-1: Foul Ball, location: 2F 0-2: Ground out 5-3 (Groundball, 56, EV 101.3 MPH)
|
|
Batting: RHB Will Washburn
|
0-0: Ball 1-0: Swinging Strike 1-1: Swinging Strike 1-2: Ball 2-2: Fly out, F7 (Flyball, 78M, EV 90.6 MPH)
|
| Top of the 5th over - 3 runs, 2 hits, 0 errors, 1 left on base; Charlotte 3 - Nashville 4 |
| BOTTOM OF THE 5TH |
|
Nashville Sounds batting - Pitching for Charlotte Knights : RHP David Avelar
|
|
Batting: RHB Gabe Gutierrez
|
0-0: Called Strike 0-1: Ground out 6-3 (Groundball, 56, EV 105.0 MPH)
|
|
Batting: RHB Robby Godwin
|
0-0: Called Strike 0-1: Ball 1-1: Fly out, F4 (Popup, 34D, EV 48.8 MPH)
|
|
Batting: RHB Jorge Bernal
|
0-0: Ball 1-0: Called Strike 1-1: Ball 2-1: SINGLE (Flyball, 78S, EV 95.0 MPH)
|
|
Batting: SHB Bob Morales
|
0-0: Fly out, F8 (Flyball, 8RXD, EV 87.5 MPH)
|
| Bottom of the 5th over - 0 runs, 1 hit, 0 errors, 1 left on base; Charlotte 3 - Nashville 4 |
| TOP OF THE 6TH |
|
Charlotte Knights batting - Pitching for Nashville Sounds : RHP Andrew Yoder
|
|
Batting: LHB Jake Goddard
|
0-0: Called Strike 0-1: Ball 1-1: Hit by Pitch
|
|
Batting: RHB Erik Christensen
|
0-0: Called Strike 0-1: Foul Ball, location: 2F 0-2: Strikes out looking
|
|
Batting: RHB Harvey Harvey
|
0-0: DOUBLE (Groundball, 3L, EV 104.4 MPH) Jake Goddard to third Runner from 3rd tries for Home, throw by RF and OUT! 9-4-2
|
|
Batting: RHB Justin Harris
|
0-0: Foul Ball, location: 2F 0-1: Ground out 5-3 (Groundball, 15, EV 89.4 MPH)
|
| Top of the 6th over - 0 runs, 1 hit, 0 errors, 1 left on base; Charlotte 3 - Nashville 4 |
| BOTTOM OF THE 6TH |
|
Nashville Sounds batting - Pitching for Charlotte Knights : RHP David Avelar
|
|
Batting: RHB Dusty Thompson
|
0-0: Called Strike 0-1: Called Strike 0-2: Foul Ball, location: 2F 0-2: Ball 1-2: Strikes out swinging
|
|
Batting: LHB Zachary DeLuca
|
0-0: Called Strike 0-1: Ball 1-1: Foul Ball, location: 2F 1-2: DOUBLE (Line Drive, 3D, EV 108.8 MPH)
|
|
Batting: SHB Quincy Bradford
|
0-0: Called Strike Zachary DeLuca steals 3rd base 0-1: Fly out, F8 (Flyball, 8LD, EV 103.8 MPH) Runner from 3rd tags up, SCORES, no throw by CF
|
|
Pitching: RHP Stanislav Mamatsev
|
|
|
Batting: RHB Eduardo Chavez
|
0-0: Ball 1-0: Ball 2-0: Ground out 5-3 (Groundball, 56, EV 106.9 MPH)
|
| Bottom of the 6th over - 1 run, 1 hit, 0 errors, 0 left on base; Charlotte 3 - Nashville 5 |
| TOP OF THE 7TH |
|
Charlotte Knights batting - Pitching for Nashville Sounds : RHP Andrew Yoder
|
|
Batting: LHB Hirakito Herring
|
0-0: Fly out, F4 (Popup, 4S, EV 78.1 MPH)
|
|
Batting: RHB Jeff Brower
|
0-0: Called Strike 0-1: Called Strike 0-2: Strikes out swinging
|
|
Batting: LHB Brian Dickeson
|
0-0: Ball 1-0: Ball 2-0: Called Strike 2-1: Ground out 5-3 (Groundball, 5S, EV 62.5 MPH)
|
| Top of the 7th over - 0 runs, 0 hits, 0 errors, 0 left on base; Charlotte 3 - Nashville 5 |
| BOTTOM OF THE 7TH |
|
Nashville Sounds batting - Pitching for Charlotte Knights : RHP Stanislav Mamatsev
|
|
Batting: RHB Carlos Lopez
|
0-0: Ball 1-0: Foul Ball, location: 2F 1-1: Foul Ball, location: 2F 1-2: Ball 2-2: Strikes out swinging
|
|
Batting: RHB Gabe Gutierrez
|
0-0: Swinging Strike 0-1: Ball 1-1: Ground out 6-3 (Groundball, 56, EV 83.8 MPH)
|
|
Batting: RHB Robby Godwin
|
0-0: Swinging Strike 0-1: Ball 1-1: Called Strike 1-2: Ground out 4-3 (Groundball, 34, EV 105.6 MPH)
|
| Bottom of the 7th over - 0 runs, 0 hits, 0 errors, 0 left on base; Charlotte 3 - Nashville 5 |
| TOP OF THE 8TH |
|
Charlotte Knights batting - Pitching for Nashville Sounds : RHP Andrew Yoder
|
|
Pitching: RHP Elijah Everett
|
|
|
Batting: RHB Darwin Mills
|
0-0: Called Strike 0-1: Ball 1-1: Fly out, F4 (Popup, 34S, EV 85.6 MPH)
|
|
Batting: RHB Will Washburn
|
0-0: Called Strike 0-1: Ball 1-1: Foul Ball, location: 2F 1-2: Strikes out swinging
|
|
Batting: LHB Jake Goddard
|
0-0: Foul Ball, location: 2F 0-1: Fly out, F8 (Flyball, 78XD, EV 87.5 MPH)
|
| Top of the 8th over - 0 runs, 0 hits, 0 errors, 0 left on base; Charlotte 3 - Nashville 5 |
| BOTTOM OF THE 8TH |
|
Nashville Sounds batting - Pitching for Charlotte Knights : RHP Stanislav Mamatsev
|
|
Batting: RHB Jorge Bernal
|
0-0: Ball 1-0: Ball 2-0: Called Strike 2-1: Ball 3-1: Ground out 6-3 (Groundball, 6, EV 83.1 MPH)
|
|
Batting: SHB Bob Morales
|
0-0: Ball 1-0: Ball 2-0: Fly out, F7 (Flyball, 78S, EV 91.9 MPH)
|
|
Batting: RHB Dusty Thompson
|
0-0: Called Strike 0-1: Swinging Strike 0-2: Ball 1-2: Foul Ball, location: 2F 1-2: Ball 2-2: Ball 3-2: Strikes out swinging
|
| Bottom of the 8th over - 0 runs, 0 hits, 0 errors, 0 left on base; Charlotte 3 - Nashville 5 |
| TOP OF THE 9TH |
|
Charlotte Knights batting - Pitching for Nashville Sounds : RHP Elijah Everett
|
|
Pitching: RHP Joe Spampinato
|
|
|
Batting: RHB Erik Christensen
|
0-0: Ball 1-0: Ball 2-0: Called Strike 2-1: Fly out, F7 (Flyball, 7, EV 81.9 MPH)
|
|
Pinch Hitting: RHB Nick Richardson
|
0-0: Foul Ball, location: 2F 0-1: Foul Ball, location: 2F 0-2: Ground out 4-3 (Groundball, 4, EV 99.4 MPH)
|
|
Batting: RHB Justin Harris
|
0-0: Ball 1-0: Ball 2-0: Swinging Strike 2-1: Called Strike 2-2: Foul Ball, location: 2F 2-2: Strikes out looking
|
| Top of the 9th over - 0 runs, 0 hits, 0 errors, 0 left on base; Charlotte 3 - Nashville 5 |
|